[Event "Live Chess"] [Site "Chess.com"] [Date "2022.02.12"] [Round "?"] [White
"falk312"] [Black "Twan709"] [Result "0-1"] [ECO "B33"] [WhiteElo "1831"]
[BlackElo "2106"] [TimeControl "3600+30"] [EndTime "7:37:50 PST"] [Termination
"Twan709 won by resignation"]  1. e4 c5 2. Nf3 Nc6 3. d4 cxd4 4. Nxd4 Nf6 5. Nc3
e5 6. Ndb5 d6 7. Nd5 Nxd5 8. exd5 Nb8 9. c4 Be7 10. Bd3 O-O 11. O-O a6 12. Nc3
f5 13. f3 Bf6 14. Kh1 g6 15. Qc2 Nd7 16. Be3 b6 17. b4 Bb7 18. Rac1 Rc8 19. Qb3
Bg5 20. Bxg5 Qxg5 21. Ne2 Qe7 22. Rfe1 Qf7 23. a4 b5 24. axb5 axb5 25. cxb5 Bxd5
26. Qb2 e4 27. fxe4 fxe4 28. Bb1 Rxc1 29. Qxc1 Ne5 30. Nc3 Nd3 31. Bxd3 exd3 32.
Nxd5 Qxd5 33. Qc6 Qxc6 34. bxc6 d2 35. Rg1 Re8 36. c7 Rc8 37. h3 Rxc7 38. Kh2
Rc1 0-1 
0-1

[Event "Live Chess"] [Site "Chess.com"] [Date "2022.02.12"] [Round "?"] [White
"litfinish"] [Black "HLuebb"] [Result "1-0"] [ECO "E36"] [WhiteElo "1731"]
[BlackElo "1360"] [TimeControl "2700+45"] [EndTime "10:09:26 PST"] [Termination
"litfinish won by resignation"]  1. d4 Nf6 2. c4 e6 3. Nc3 Bb4 4. Qc2 O-O 5. a3
Bxc3+ 6. Qxc3 d5 7. e3 c5 8. dxc5 Nc6 9. Nf3 Ne4 10. Qc2 a5 11. Be2 Nxc5 12.
cxd5 Qxd5 13. e4 Nxe4 14. Bc4 Nd4 15. Nxd4 Qxd4 16. Be3 Qe5 17. f4 Qf5 18. Bd3
g6 19. Bxe4 Qf6 20. O-O Rb8 21. Rad1 Rd8 22. Qc7 Rxd1 23. Rxd1 1-0 
1-0

[Event "Live Chess"] [Site "Chess.com"] [Date "2022.02.13"] [Round "?"] [White
"nargaef"] [Black "EdOnArrival"] [Result "1-0"] [ECO "A45"] [WhiteElo "1684"]
[BlackElo "918"] [TimeControl "2700+45"] [EndTime "6:50:35 PST"] [Termination
"nargaef won by resignation"]  1. d4 Nf6 2. Bf4 g6 3. Nf3 Bg7 4. c3 d6 5. Nbd2
O-O 6. h3 Nh5 7. Bh2 Nc6 8. e4 e5 9. d5 Ne7 10. Be2 Nf4 11. Bxf4 exf4 12. O-O f5
13. Re1 fxe4 14. Nxe4 Bf5 15. Bf1 Qd7 16. Neg5 Bf6 17. Ne6 Bxe6 18. Rxe6 Rae8
19. Bc4 b5 20. Bf1 c6 21. a4 cxd5 22. Qe1 Be5 23. Rxe5 dxe5 24. Bxb5 Nc6 25. Qf1
e4 26. Nd4 Rc8 27. Rd1 Qd6 28. Nxc6 a6 29. Rxd5 Qf6 30. Bc4 Rxc6 31. Rd6+ Rxc4
32. Rxf6 Rxf6 33. Qxc4+ Kg7 34. Qxe4 1-0 
1-0

[Event "Live Chess"] [Site "Chess.com"] [Date "2022.02.13"] [Round "?"] [White
"PermaChecked"] [Black "kyle_b81"] [Result "1-0"] [ECO "B52"] [WhiteElo "1161"]
[BlackElo "1440"] [TimeControl "2700+45"] [EndTime "13:04:37 PST"] [Termination
"PermaChecked won by resignation"]  1. e4 c5 2. Nf3 d6 3. Bb5+ Bd7 4. Bxd7+ Nxd7
5. O-O Ngf6 6. Qe2 g6 7. c3 Bg7 8. d4 cxd4 9. cxd4 e5 10. dxe5 dxe5 11. Rd1 Qc7
12. Bg5 O-O 13. Bxf6 Nxf6 14. Nbd2 Rac8 15. Nf1 Qc2 16. Ng3 Qxe2 17. Nxe2 Nxe4
18. Rac1 a5 19. Nc3 Nxc3 20. bxc3 e4 21. Nd4 Rfd8 22. Nb5 Rxd1+ 23. Rxd1 Bxc3
24. Rc1 Rc5 25. Nxc3 b5 26. Ne2 Rxc1+ 27. Nxc1 Kf8 28. Kf1 Ke7 29. Ke1 Kd6 30.
Kd2 Kc5 31. Kc3 a4 32. a3 f5 33. Ne2 Kd5 34. Kb4 Kc6 35. g3 g5 36. Nd4+ Kd5 37.
Nxf5 Ke5 38. Ne3 1-0 
1-0

[Event "Live Chess"] [Site "Chess.com"] [Date "2022.02.13"] [Round "-"] [White
"rjawa"] [Black "atbeaty"] [Result "1-0"] [CurrentPosition
"8/8/3k1K2/8/4P3/8/8/8 b - -"] [Timezone "UTC"] [ECO "B13"] [ECOUrl
"https://www.chess.com/openings/Caro-Kann-Defense-Panov-Modern-Mieses-Line...8.Qb3-Bxf3-9.gxf3-e6"]
[UTCDate "2022.02.13"] [UTCTime "16:01:41"] [WhiteElo "1793"] [BlackElo "1452"]
[TimeControl "2700+30"] [Termination "rjawa won by resignation"] [StartTime
"16:01:41"] [EndDate "2022.02.13"] [EndTime "16:47:54"] [Link
"https://www.chess.com/game/live/38507079181"]  1. e4 c6 2. d4 d5 3. exd5 cxd5
4. c4 Nf6 5. Nc3 Nc6 6. Nf3 Bg4 7. cxd5 Nxd5 8. Qb3 Bxf3 9. gxf3 e6 10. Qxb7
Nxd4 {Critical move.} 11. Bb5+ Nxb5 12. Qc6+ Ke7 13. Qxb5 Qd7 14. Qxd7+ Kxd7 15.
Nxd5 exd5 16. O-O Bc5 17. Be3 Rac8 18. Rac1 Bxe3 19. fxe3 {Critical move.} 19...
Rhe8 20. Kf2 Rxc1 21. Rxc1 Rc8 {INACCURACY (+1.31)} ({(0.00) The best move was}
21... Re6 22. Rc5 Rh6 23. Rxd5+ Ke6 24. Rb5 Rxh2+ 25. Kg3 Rd2 26. e4 a5 27. a4
g6 28. b3 Rd3 29. Kf4 h5 30. Rxa5 Rxb3 31. Ra6+ Ke7 32. Ra7+ Ke6 33. a5 Ra3) 22.
Rxc8 Kxc8 23. Ke2 Kc7 24. Kd3 Kc6 25. Kd4 f6 26. b4 g5 27. a4 h5 28. b5+ Kd6 29.
a5 f5 $1 {Critical move.} 30. b6 axb6 31. axb6 g4 32. fxg4 fxg4 {Critical move.}
33. b7 Kc7 34. Kxd5 $16 h4 35. Ke4 g3 36. hxg3 hxg3 37. Kf3 g2 38. Kxg2 Kxb7 39.
Kf3 Kc7 40. Kf4 Kd6 41. Kf5 Ke7 42. Ke5 {Critical move.} 42... Kd7 43. Kf6 Kd6
44. e4 (44. e4 Kc5 45. e5 Kc4 46. e6 Kd4 47. e7 Ke3 48. e8=Q+ Kd2 49. Qd7+ Ke2
50. Qg4+ Kf1 51. Qg7 Kf2 52. Qf8) 1-0 
1-0

[Event "Live Chess"] [Site "Chess.com"] [Date "2022.02.13"] [Round "?"] [White
"yaR_33"] [Black "sriracha"] [Result "0-1"] [ECO "E01"] [WhiteElo "1656"]
[BlackElo "1949"] [TimeControl "3600+30"] [EndTime "9:37:07 PST"] [Termination
"sriracha won on time"]  1. d4 Nf6 2. c4 e6 3. g3 d5 4. Bg2 Bb4+ 5. Nd2 O-O 6.
Nf3 c6 7. O-O Nbd7 8. Qc2 Be7 9. e4 dxe4 10. Nxe4 Nxe4 11. Qxe4 Nf6 12. Qe2 Bd7
13. Ne5 Be8 14. Rd1 Rc8 15. Bf4 Qb6 16. Rac1 Rd8 17. c5 Qa5 18. a3 Nd5 19. Bd2
Qc7 20. b4 Bd7 21. Qg4 Kh8 22. Bf4 Nxf4 23. Qxf4 Rc8 24. Qg4 Bf6 25. Re1 Kg8 26.
Qf3 Rcd8 27. Rcd1 a6 28. Nc4 Bc8 29. Re4 Be7 30. Ne5 Bd7 31. Nc4 Bc8 32. Qc3 Bf6
33. Rde1 Rd7 34. Ne5 Rdd8 35. a4 Bd7 36. Bf1 Ra8 37. Nxd7 Qxd7 38. Rd1 Rfd8 39.
b5 axb5 40. axb5 cxb5 0-1 
0-1